 Dungeon Crawl Stone Soup version 0.21-a0-404-g291f19a (console) character file.

89908 swinepaste the Severer (level 16, 0/126 HPs)
             Began as a Formicid Fighter on Oct 26, 2017.
             Was a High Priest of Uskayaw.
             Killed by divine providence
             ... invoked by an orc high priest
              (14 damage)
             ... on level 2 of the Orcish Mines on Oct 27, 2017.
             The game lasted 01:08:47 (24807 turns).

swinepaste the Severer (Formicid Fighter)          Turns: 24807, Time: 01:08:48

Health: 0/126      AC: 25    Str: 23    XL:     16   Next: 45%
Magic:  23/23      EV: 17    Int:  8    God:    Uskayaw [*****.]
Gold:   2338       SH: 14    Dex: 13    Spells: 15/15 levels left

rFire    + . .     SeeInvis +   a - +0 battleaxe (chop)
rCold    . . .     Gourm    .   c - +0 shield
rNeg     . . .     Faith    .   E - +3 chain mail {rF+}
rPois    .         Spirit   .   (helmet unavailable)
rElec    .         Reflect  +   D - +1 cloak
rCorr    .         Harm     .   i - +1 pair of gloves
MR       +....                  l - +2 pair of boots {Stlth+}
Stlth    ++........             A - +2 amulet of reflection
HPRegen  0.31/turn              K - +3 ring of evasion
MPRegen  0.18/turn              v - +2 ring of evasion

@: no status effects
A: permanent stasis, dig shafts and tunnels, four strong arms, antennae 3,
talons 1, molten scales 1, clumsy 1
a: Dig, Shaft Self, Stomp, Line Pass, Grand Finale, Renounce Religion


You were on level 2 of the Orcish Mines.
You worshipped Uskayaw.
Uskayaw was aware of your devotion.
You were hungry.

You visited 4 branches of the dungeon, and saw 21 of its levels.
You also visited: Ossuary, Bailey and Volcano.

You collected 2338 gold pieces.

Inventory:

Hand Weapons
 a - a +0 battleaxe of chopping (weapon)
 b - a +0 blowgun
 Q - a +5 executioner's axe of flaming
Missiles
 r - 78 poisoned needles
 B - 17 curare-tipped needles
 N - 25 tomahawks of returning (quivered)
Armour
 c - a +0 shield (worn)
 i - a +1 pair of gloves (worn)
 l - a +2 pair of boots of stealth (worn)
 D - a +1 cloak (worn)
 E - a +3 chain mail of fire resistance (worn)
Jewellery
 s - an uncursed ring of protection from fire
 u - an uncursed ring of protection from cold
 v - a +2 ring of evasion (right hand)
 A - a +2 amulet of reflection (around neck)
 K - a +3 ring of evasion (left hand)
Wands
 F - a wand of scattershot (3/9)
 G - a wand of iceblast (10/15)
 O - a wand of lightning (10/15)
 T - a wand of flame (35/48)
 V - a wand of acid (2/15)
Scrolls
 h - 4 scrolls of identify
 k - 6 scrolls of fog
 n - 12 scrolls of remove curse
 M - 3 scrolls of fear
 R - 2 scrolls of magic mapping
Potions
 d - 3 potions of might
 e - 5 potions of lignification
 j - 3 potions of agility
 p - 10 potions of curing
 q - a potion of cancellation
 z - 2 potions of magic
 I - a potion of invisibility
 S - 4 potions of heal wounds
 U - 4 potions of flight
Miscellaneous
 Y - a lightning rod (4/4)
Comestibles
 f - 15 bread rations
 g - 5 meat rations
 m - 12 chunks of flesh
 X - 4 royal jellies


   Skills:
 + Level 11.5 Fighting
 - Level 18.2 Axes
 - Level 10.1 Armour
 - Level 6.7 Dodging
 - Level 9.0 Stealth
 - Level 10.0 Shields
 - Level 9.6 Invocations


You had 15 spell levels left.
You didn't know any spells.

Dungeon Overview and Level Annotations

Branches:
Dungeon (12/15)            Temple (1/1) D:7            Lair (6/6) D:8
 Shoals (0/4) Lair:2       Spider (0/4) Lair:2        Slime (0/5) Lair:6
    Orc (2/2) D:12
    Elf: Orc:2

Altars:
Ashenzari
Cheibriados
Dithmenos
Elyvilon
Fedhas
Gozag
Hepliaklqana
Kikubaaqudgha
Makhleb
Nemelex Xobeh
Okawaru
Qazlal
Ru
Sif Muna
Trog
Uskayaw
Vehumet
Wu Jian
Xom
Yredelemnul
Zin
The Shining One
Jiyva

Shops:
D:12 *

Annotations:
D:6 marcelo90z's ghost, novice TeAE


Innate Abilities, Weirdness & Mutations

You cannot be hasted, slowed, berserked, paralysed or teleported.
You can dig through walls and to a lower floor.
Your four strong arms can wield two-handed weapons with a shield.
You have a pair of large antennae on your head. (SInv)
You have sharp toenails.
You are partially covered in molten scales. (AC +2)
You are clumsy. (Dex -2)


Message History

a mace; 5 tomahawks; a chain mail; an orc corpse You barely miss the orc knight.
The orc knight is lightly wounded.
You slice the orc warrior!!
You kill the orc warrior!
You feel a bit more experienced.
You kill the orc warrior!
You kill the orc!
You kill the orc warrior!
You closely miss the orc warrior. The orc warrior barely misses you.
An orc high priest comes into view. It is wielding a glaive.
You closely miss the orc knight.
The orc knight is lightly wounded.
You hit the orc warrior. You slash the orc warrior!
You kill the orc!
You kill the orc warrior!
The orc priest no longer looks unusually strong.
The orc knight hits you with a long sword!!
* * * LOW HITPOINT WARNING * * *
The orc warrior barely misses you.
The orc high priest invokes the aid of Beogh against you.
Beogh smites you!
You die...

#.............#
#....#...#....#
##......(....##
#...#...#...#
##.........##
#..#...#..#
##.......##
###.#o###
#..o)a# ##)#o##
#o.oo){{#
#{.#ooo#o.#
#.o.o)oo{.#
#..4#.o§# ..#
#....3.o. ..#
....#.o.# ..
......... ..#


You could see an orc knight, 3 orc high priests, a hellwing, a neqoxec, 7 orc
warriors, 2 orc priests and an orc.

Vanquished Creatures
  2 azure jellies (Lair:6)
  An orc warlord (Bailey)
  4 death oozes
  3 great orbs of eyes (Lair:6)
  5 hydras
  Harold (Lair:3)
  8 two-headed ogres
  The ghost of ShadedKnight the Magician, a novice GnSk of Ru (D:9)
  3 death yaks (Lair:6)
  Nergalle (Lair:3)
  An orc high priest (Orc:2)
  Urug (Lair:3)
  A fire crab (Lair:6)
  Sonja (Lair:2)
  Pikel (D:8)
  An ugly thing (D:9)
  5 orc knights
  A wolf spider zombie (D:8)
  An orc sorcerer (Orc:1)
  2 cyclopes (D:11)
  A wolf spider (Lair:6)
  An oklob plant (Lair:4)
  2 salamanders (Volcano)
  A manticore (D:11)
  A guardian serpent (Lair:6)
  Maurice (D:8)
  A gargoyle (D:11)
  4 black mambas
  13 spiny frogs
  A rime drake (Lair:6)
  3 centaur skeletons
  3 komodo dragons
  2 hellwings (D:8)
  A tengu conjurer (D:11)
  3 trolls
  5 polar bears
  3 hornets (Lair:6)
  22 blink frogs
  Grinder (D:4)
  9 hippogriffs
  5 dream sheep (Lair:5)
  5 redbacks
  14 wyverns
  A spriggan (D:7)
  A wraith (D:12)
  2 fire bats (Volcano)
  2 basilisks (Lair:6)
  58 yaks
  Grum (D:7)
  2 hungry ghosts
  4 wargs
  Edmund (D:4)
  16 water moccasins
  2 hell hounds (Volcano)
  A soldier ant (D:12)
  A black bear (D:10)
  11 porcupines
  3 sky beasts
  5 ice beasts
  21 orc warriors
  A necrophage (D:12)
  8 ogres
  3 phantoms
  A slave (D:8)
  14 wolves
  8 centaurs
  13 crocodiles
  2 big kobolds
  4 elf zombies (Ossuary)
  12 bullfrogs
  3 wyvern zombies
  8 killer bees
  6 scorpions
  2 electric eels (Lair:2)
  4 howler monkeys
  11 centaur zombies
  4 crimson imps
  A bullfrog zombie (D:12)
  A quasit (D:6)
  4 human zombies (Ossuary)
  6 jellies
  4 hounds
  20 orc priests
  2 bullfrog skeletons
  Jessica (D:2)
  4 iguanas
  Ijyb (D:5)
  13 worker ants
  13 orc wizards
  A killer bee zombie (D:8)
  3 centaur simulacra (D:10)
  A bullfrog simulacrum (D:10)
  A hound skeleton (D:9)
  3 mummies (Ossuary)
  A howler monkey zombie (D:8)
  A worker ant zombie (D:6)
  A howler monkey skeleton (D:6)
  11 gnolls
  10 adders
  5 shadow imps
  5 white imps (D:10)
  An ufetubus (D:10)
  4 oozes
  An adder zombie (D:9)
  An adder skeleton (D:4)
  A dart slug (D:1)
  3 worms
  3 leopard geckos
  92 orcs
  5 giant cockroaches
  12 goblins
  12 hobgoblins
  5 jackals (D:1)
  6 quokkas
  2 ball pythons
  7 bats
  A frilled lizard (D:4)
  2 jackal zombies
  26 kobolds
  7 rats
  2 fungi (Lair:6)
  2 plants
690 creatures vanquished.

Vanquished Creatures (collateral kills)
  A spiny frog (Lair:6)
1 creature vanquished.

Vanquished Creatures (others)
  Nessos (Lair:4)
  A centaur (Volcano)
  2 orcs (D:6)
  5 kobolds (Bailey)
  2 bushes
  21 fungi
  50 plants
82 creatures vanquished.

Grand Total: 773 creatures vanquished

Notes
Turn   | Place    | Note
-------+----------+-------------------------------------------
     0 | D:1      | swinepaste the Formicid Fighter began the quest for the Orb.
     0 | D:1      | Reached XP level 1. HP: 18/18 MP: 1/1
   138 | D:1      | Reached XP level 2. HP: 19/24 MP: 2/2
   502 | D:1      | Reached XP level 3. HP: 29/29 MP: 3/3
   987 | D:2      | Reached skill level 3 in Axes
   989 | D:2      | Found a shadowy altar of Dithmenos.
  1153 | D:2      | Found an ancient bone altar of Kikubaaqudgha.
  1615 | D:2      | Reached XP level 4. HP: 35/35 MP: 4/4
  1726 | D:2      | Noticed Jessica
  1730 | D:2      | Killed Jessica
  1730 | D:2      | Reached skill level 5 in Shields
  2097 | D:3      | Reached XP level 5. HP: 25/41 MP: 5/5
  2336 | D:3      | Found an ornate altar of the Wu Jian Council.
  2685 | D:4      | Reached skill level 4 in Axes
  2852 | D:4      | Noticed Edmund
  2871 | D:4      | Killed Edmund
  2871 | D:4      | Reached XP level 6. HP: 47/47 MP: 6/6
  2993 | D:4      | Found a sand-covered staircase.
  3004 | Ossuary  | Entered an ossuary
  3047 | Ossuary  | Reached skill level 5 in Axes
  3047 | Ossuary  | Reached XP level 7. HP: 41/52 MP: 7/7
  3316 | Ossuary  | Reached skill level 6 in Axes
  3377 | Ossuary  | Reached XP level 8. HP: 31/58 MP: 8/8
  4031 | D:4      | Noticed Grinder
  4072 | D:4      | Killed Grinder
  4380 | D:4      | Reached skill level 7 in Axes
  4921 | D:5      | Entered Level 5 of the Dungeon
  4937 | D:5      | Noticed Ijyb
  4953 | D:5      | Killed Ijyb
  5111 | D:5      | Found a white marble altar of Elyvilon.
  5381 | D:5      | Found a hazy altar of Hepliaklqana.
  5497 | D:5      | Found a snail-covered altar of Cheibriados.
  5612 | D:6      | Noticed marcelo90z's ghost (novice TeAE)
  5631 | D:6      | Reached XP level 9. HP: 61/64 MP: 9/9
  5971 | D:6      | Reached skill level 8 in Axes
  5971 | D:6      | Reached skill level 10 in Shields
  6698 | D:7      | Found a staircase to the Ecumenical Temple.
  6838 | D:7      | Gained mutation: You are clumsy. (Dex -2) [potion of mutation]
  6838 | D:7      | Gained mutation: You have sharp toenails. [potion of mutation]
  6838 | D:7      | Gained mutation: You are partially covered in molten scales. (AC +2) [potion of mutation]
  7018 | D:7      | Reached skill level 9 in Axes
  7045 | D:7      | Noticed a hippogriff
  7057 | D:7      | Killed a hippogriff
  7220 | D:8      | Reached skill level 5 in Fighting
  7414 | D:8      | Noticed a hellwing
  7672 | D:8      | Noticed Grum
  7689 | D:7      | Reached XP level 10. HP: 74/74 MP: 10/10
  7716 | D:7      | Reached skill level 10 in Axes
  7753 | D:7      | Killed Grum
  8104 | D:8      | Reached skill level 11 in Axes
  8308 | D:8      | Noticed Maurice
  8342 | D:8      | Killed Maurice
  8553 | D:8      | Reached XP level 11. HP: 83/86 MP: 11/11
  8576 | D:8      | Reached skill level 12 in Axes
  8613 | D:8      | Reached skill level 1 in Dodging
  8964 | D:8      | Reached skill level 5 in Armour
  9240 | Temple   | Entered the Ecumenical Temple
  9294 | Temple   | Became a worshipper of Uskayaw the Reveler
  9478 | D:8      | Reached * piety under Uskayaw
  9483 | D:8      | Reached ** piety under Uskayaw
  9487 | D:8      | Found a staircase to the Lair.
  9498 | D:8      | Reached *** piety under Uskayaw
  9676 | D:8      | Noticed a two-headed ogre
  9681 | D:8      | Killed a two-headed ogre
  9857 | D:8      | Found a shattered altar of Ashenzari.
  9857 | D:8      | Noticed Pikel
  9873 | D:8      | Killed Pikel
  9889 | D:8      | Found an iron altar of Okawaru.
  9891 | D:8      | Found a sparkling altar of Nemelex Xobeh.
 10253 | D:9      | Noticed a two-headed ogre
 10262 | D:9      | Killed a two-headed ogre
 10302 | D:9      | Reached **** piety under Uskayaw
 10305 | D:9      | Reached ***** piety under Uskayaw
 10307 | D:9      | Reached skill level 5 in Invocations
 10312 | D:9      | Reached ****** piety under Uskayaw
 10320 | D:9      | Reached XP level 12. HP: 61/92 MP: 16/16
 10499 | D:9      | Noticed ShadedKnight's ghost (novice GnSk)
 10525 | D:9      | Killed ShadedKnight's ghost
 10541 | D:9      | Found an opulent altar of Gozag.
 10671 | D:9      | Noticed a two-headed ogre
 10691 | D:9      | Killed a two-headed ogre
 11773 | D:10     | Entered Level 10 of the Dungeon
 11790 | D:10     | Noticed a two-headed ogre
 11803 | D:9      | Killed a two-headed ogre
 11803 | D:9      | Reached skill level 13 in Axes
 12064 | D:10     | Found a flagged portal.
 12143 | Bailey   | Entered a bailey
 12168 | Bailey   | Noticed an orc warlord
 12444 | Bailey   | Found a runed gate.
 12445 | Bailey   | Found a runed gate.
 12446 | Bailey   | Found a runed gate.
 12510 | Bailey   | Killed an orc warlord
 12510 | Bailey   | Reached skill level 14 in Axes
 12533 | Bailey   | Identified a scroll of acquirement
 12551 | Bailey   | Reached skill level 5 in Dodging
 12551 | Bailey   | Reached XP level 13. HP: 73/100 MP: 18/20
 12777 | D:10     | Reached XP level 14. HP: 78/106 MP: 21/21
 13465 | D:11     | Got a polished scale mail
 13470 | D:11     | Reached skill level 1 in Stealth
 13476 | D:11     | Identified the +1 scale mail "Rianaxaiw" {rF- MR++ Int+3} (You found it on level 11 of the Dungeon)
 13778 | D:11     | Reached skill level 5 in Stealth
 14418 | Lair:1   | Entered Level 1 of the Lair of Beasts
 15454 | Lair:2   | Found a hole to the Spider Nest.
 15751 | Lair:2   | Noticed Sonja
 15770 | Lair:2   | Killed Sonja
 16518 | Lair:2   | Found a staircase to the Shoals.
 16793 | Lair:3   | Noticed Harold
 16829 | Lair:3   | Killed Harold
 16829 | Lair:3   | Reached skill level 10 in Armour
 17027 | Lair:3   | Noticed Nergalle
 17051 | Lair:3   | Killed Nergalle
 17139 | Lair:3   | Reached skill level 15 in Axes
 17217 | Lair:3   | Noticed Urug
 17231 | Lair:3   | Killed Urug
 17231 | Lair:3   | Reached XP level 15. HP: 73/112 MP: 18/22
 17445 | Lair:3   | Found a basalt altar of Yredelemnul.
 17908 | Lair:4   | Identified Mikhlats's Disquisition on Supportive Shape Shifting
 18473 | Lair:4   | Noticed Nessos
 18480 | Lair:4   | Killed Nessos
 18787 | Lair:5   | Found a dark tunnel.
 18795 | Volcano  | Entered a volcano
 18835 | Volcano  | Reached skill level 16 in Axes
 20215 | Lair:6   | Entered Level 6 of the Lair of Beasts
 20274 | Lair:6   | Noticed an azure jelly
 20280 | Lair:6   | Noticed an azure jelly
 20280 | Lair:6   | Killed an azure jelly
 20280 | Lair:6   | Reached skill level 17 in Axes
 21536 | Lair:6   | Found a viscous altar of Jiyva.
 21537 | Lair:6   | Found a staircase to the Slime Pits.
 21851 | Lair:6   | Reached skill level 18 in Axes
 21903 | Lair:6   | Reached XP level 16. HP: 114/119 MP: 23/23
 22846 | Lair:6   | Killed an azure jelly
 23323 | D:12     | Found Veuck's Changing Room.
 23474 | D:12     | Found a staircase to the Orcish Mines.
 23553 | D:12     | Reached skill level 10 in Fighting
 24013 | Orc:1    | Entered Level 1 of the Orcish Mines
 24257 | Orc:2    | Entered Level 2 of the Orcish Mines
 24807 | Orc:2    | Killed from afar by an orc high priest

Vault maps used:
D:1:      dpeg_arrival_tiny_j
D:2:      lemuel_crystal_altar, nicolae_overflow_hidden_temple,
          minmay_liquid_box, uniq_jessica
D:3:      lemuel_crystal_altar
D:4:      enter_ossuary_3, first_bread, uniq_grinder, uniq_edmund
D:5:      elyvilon_altar_5, cheibrodos_worm_habitat, lemuel_round_altar,
          uniq_ijyb
D:7:      minmay_temple_entry_from_below_a, the_bakery
D:8:      cheibrodos_grave_circle, minitemple, minmay_lair_entry_grove,
          uniq_grum, uniq_maurice, uniq_pikel
D:9:      nicolae_gozag_seed_capital
D:10:     serial_ice, serial_ice_i, serial_ice_g, serial_ice_b, serial_ice_e,
          serial_ice_d, serial_ice_h, enter_bailey_8
D:11:     serial_park_tiny_pond, grunt_tough_drop
D:12:     orc_0_dummy, hangedman_decor_peaks_small, nicolae_transmutations_shop
Temple:   minmay_temple_bridge_abc
Lair:2:   statuecave_lemuel, minmay_shoals_entry_centaurs,
          spider_nest_entry_webs, fungi_pond_lemuel, uniq_sonja
Lair:3:   basic_altar, uniq_harold, uniq_nergalle, uniq_urug
Lair:4:   minmay_lair_oklob_items, serial_bayou_shore_a, uniq_nessos
Lair:5:   enter_volcano_1
Lair:6:   hangedman_lair_tendril_chambers, slime_altar_1, special_room
Orc:2:    st_orc_pillars, serial_shops, nicolae_shop_statue_plus
Ossuary:  ossuary_minmay_four_chambers
Bailey:   bailey_axe_bossmonster_kennysheep, bailey
Volcano:  volcano_village

Skill      XL: |  1  2  3  4  5  6  7  8  9 10 11 12 13 14 15 16 |
---------------+-------------------------------------------------+-----
Shields        | 4 5 6 7 9 10 | 10.0
Axes           | 3 4 5 6 7 9 11 12 14 15 18 | 18.2
Fighting       | 5 7 8 11 | 11.5
Armour         | 6 7 10 | 10.1
Dodging        | 4 5 6 |  6.7
Invocations    | 6 9 |  9.6
Stealth        | 9 |  9.0

Action                   |  1- 3 |  4- 6 |  7- 9 | 10-12 | 13-15 | 16-18 || total
-------------------------+-------+-------+-------+-------+-------+-------++-------
Melee: War axe           |    98 |   157 |   533 |   657 |       |       ||  1445
       Battleaxe         |       |       |       |       |   696 |   376 ||  1072
       Executioner's axe |       |       |       |       |    38 |       ||    38
 Fire: Blowgun           |       |       |       |     7 |       |       ||     7
Throw: Tomahawk          |       |       |       |     2 |     6 |       ||     8
Invok: Stomp             |       |       |       |     7 |     6 |       ||    13
       Line Pass         |       |       |       |     2 |     4 |     3 ||     9
       Grand Finale      |       |       |       |     1 |     1 |       ||     2
 Abil: Dig               |     4 |     5 |     7 |     8 |     5 |     2 ||    31
Evoke: Wand              |       |       |     6 |     7 |     2 |       ||    15
  Use: Potion            |     4 |     2 |     4 |     3 |     4 |       ||    17
       Scroll            |     1 |     7 |     7 |     7 |    10 |     3 ||    35
 Stab: Confused          |       |       |     2 |     1 |     1 |     1 ||     5
       Paralysed         |       |       |       |    51 |    83 |    28 ||   162
       Distracted        |       |       |       |       |     1 |       ||     1
       Sleeping          |       |       |       |       |     2 |       ||     2
  Eat: Chunk             |     3 |     4 |    13 |    18 |    30 |     8 ||    76
       Royal jelly       |       |     1 |     2 |     1 |     1 |       ||     5
       Bread ration      |       |       |     1 |       |       |       ||     1
       Fruit             |       |       |       |       |     3 |     3 ||     6
Armor: Scale mail        |    72 |    63 |    59 |       |       |       ||   194
       Skin              |       |     8 |       |       |       |       ||     8
       Ring mail         |       |       |   108 |   171 |     6 |       ||   285
       Plate armour      |       |       |       |       |   216 |       ||   216
       Chain mail        |       |       |       |       |   116 |    73 ||   189
Dodge: Dodged            |    41 |    50 |   138 |   252 |   439 |   133 ||  1053
Block: Shield            |    63 |    77 |   307 |   452 |   561 |   215 ||  1675
       Reflection        |       |       |     2 |    27 |    28 |     3 ||    60

Table legend:
 A = Spawn XP
 B = Non-spawn XP
 C = Spawn XP percentage of total XP
 D = Spawn monster count
 E = Non-spawn monster count
 F = Spawn count percentage of total count
 G = Total turns spent on level
                    A         B        C        D         E        F      G
               +---------+---------+-------+---------+---------+-------+---------
         Total |       0 |  110023 |   0.0 |       0 |     692 |   0.0 | 24807
               +---------+---------+-------+---------+---------+-------+---------
           D:1 |       0 |      49 |   0.0 |       0 |      26 |   0.0 |   942
           D:2 |       0 |      64 |   0.0 |       0 |      15 |   0.0 |  1071
           D:3 |       0 |      74 |   0.0 |       0 |      22 |   0.0 |   659
           D:4 |       0 |     558 |   0.0 |       0 |      14 |   0.0 |  1305
           D:5 |       0 |     325 |   0.0 |       0 |      13 |   0.0 |   837
           D:6 |       0 |     560 |   0.0 |       0 |      23 |   0.0 |   823
           D:7 |       0 |    1833 |   0.0 |       0 |      29 |   0.0 |  1473
           D:8 |       0 |    8573 |   0.0 |       0 |      51 |   0.0 |  2017
           D:9 |       0 |    7306 |   0.0 |       0 |      31 |   0.0 |  1629
          D:10 |       0 |    5813 |   0.0 |       0 |      62 |   0.0 |   999
          D:11 |       0 |    7305 |   0.0 |       0 |      41 |   0.0 |  1020
          D:12 |       0 |    3797 |   0.0 |       0 |      34 |   0.0 |   707
        Lair:1 |       0 |    6131 |   0.0 |       0 |      26 |   0.0 |  1059
        Lair:2 |       0 |    6479 |   0.0 |       0 |      34 |   0.0 |  1384
        Lair:3 |       0 |    6649 |   0.0 |       0 |      24 |   0.0 |  1054
        Lair:4 |       0 |    6513 |   0.0 |       0 |      19 |   0.0 |  1132
        Lair:5 |       0 |    6810 |   0.0 |       0 |      19 |   0.0 |  1893
        Lair:6 |       0 |   26789 |   0.0 |       0 |      63 |   0.0 |  1908
         Orc:1 |       0 |    4015 |   0.0 |       0 |      44 |   0.0 |   569
         Orc:2 |       0 |    4559 |   0.0 |       0 |      52 |   0.0 |   225
       Ossuary |       0 |     815 |   0.0 |       0 |      15 |   0.0 |   959
        Bailey |       0 |    2903 |   0.0 |       0 |      27 |   0.0 |   566
       Volcano |       0 |    2103 |   0.0 |       0 |       8 |   0.0 |   381
               +---------+---------+-------+---------+---------+-------+---------
